 Dungeon Crawl Stone Soup version 0.30-a0-737-gf23d94013f (webtiles) character file.

Game seed: 9486298467621594465

650 Chaicat the Slasher (level 7, -6/56 HPs)
             Began as a Gnoll Reaver on Jan 20, 2023.
             Mangled by olddryhag's ghost (8 damage)
             ... on level 3 of the Dungeon on Feb 1, 2023.
             The game lasted 00:11:44 (3722 turns).

Chaicat the Slasher (Gnoll Reaver)                  Turns: 3722, Time: 00:11:45

Health: -6/56      AC:  7    Str: 11      XL:     7   Next: 53%
Magic:  15/15      EV: 11    Int: 16      God:
Gold:   126        SH:  0    Dex: 10 (11) Spells: 16/17 levels left

rFire   . . .      SeeInvis +    g - +0 long sword
rCold   . . .      Faith    .    (no shield)
rNeg    . . .      Spirit   .    n - +0 ring mail {rPois}
rPois   +          Reflect  .    (no helmet)
rElec   .          Harm     .    (no cloak)
rCorr   .          Rampage  .    (no gloves)
Will    +....                    c - +1 pair of boots
Stlth   +                        (no amulet)
HPRegen 0.29/turn                i - ring of willpower
MPRegen 0.14/turn                (no ring)

@: no status effects
A: fangs 1, strong nose, distributed training, see invisible, clever 1
a: no special abilities


You were on level 3 of the Dungeon.
You visited 1 branch of the dungeon, and saw 3 of its levels.
You also visited: Sewer.

You collected 126 gold pieces.

Inventory:

Hand Weapons
 g - a +0 long sword (weapon)
Armour
 c - a +1 pair of boots (worn)
 n - a +0 ring mail of poison resistance (worn)
Jewellery
 i - a ring of willpower (left hand)
Wands
 h - a wand of acid (8)
Scrolls
 d - a scroll of summoning
 m - a scroll of identify
Potions
 e - 3 potions of magic
 f - a potion of haste {unknown}
 j - a potion of resistance {unknown}
 k - a potion of cancellation {unknown}
 l - a potion of mutation


   Skills:
 + Level 5.3 Fighting
 + Level 2.6 Short Blades
 + Level 7.1 Long Blades
 + Level 2.6 Axes
 + Level 2.6 Maces & Flails
 + Level 2.6 Polearms
 + Level 2.6 Staves
 + Level 2.6 Ranged Weapons
 + Level 2.6 Throwing
 + Level 2.6 Armour
 + Level 5.3 Dodging
 + Level 2.6 Stealth
 + Level 2.6 Shields
 + Level 2.6 Unarmed Combat
 + Level 5.7 Spellcasting
 + Level 5.9 Conjurations
 + Level 2.1 Hexes
 + Level 2.1 Summonings
 + Level 2.1 Necromancy
 + Level 2.1 Translocations
 + Level 2.1 Transmutations
 + Level 2.1 Fire Magic
 + Level 2.1 Ice Magic
 + Level 2.1 Air Magic
 + Level 2.1 Earth Magic
 + Level 2.1 Poison Magic
 + Level 3.0 Invocations
 + Level 2.6 Evocations


You had 16 spell levels left.
You knew the following spells:

 Your Spells              Type           Power      Damage    Failure   Level
a - Kiss of Death         Conj/Necr      68%        2d10      6%          1

Your spell library contained the following spells:

 Spells                   Type           Power      Damage    Failure   Level
 Momentum Strike          Conj/Tloc      34%        3d8       10%         2
 Hailstorm                Conj/Ice       17%        3d6       19%         3
 Blink                    Tloc           22%        N/A       21%         2
 Lesser Beckoning         Tloc           22%        N/A       21%         2
 Leda's Liquefaction      Hex/Erth       5%         N/A       78%         4
 Lee's Rapid Deconstruct  Erth           5%         3d6*      98%         5
 Statue Form              Tmut/Erth      7%         N/A       100%        6


Dungeon Overview and Level Annotations

Branches:
Dungeon (3/15)              Sewer (visited)

Altars:
Sif Muna

Portals:
Abyss: D:3

Annotations:
D:3 1 transporter, olddryhag's ghost, weakling DsGl


Innate Abilities, Weirdness & Mutations

You have very sharp teeth.
Your uncanny sense of smell can sniff out nearby items.
Your experience applies equally to all skills.
You have supernaturally acute eyesight. (SInv)
Your mind is acute. (Int +4, Str/Dex -1)


Message History

You hit olddryhag's ghost.
Olddryhag's ghost is lightly damaged.
Olddryhag's ghost closely misses you.
You hit olddryhag's ghost but do no damage.
Olddryhag's ghost is lightly damaged.
Olddryhag's ghost hits you.
You hit olddryhag's ghost.
Olddryhag's ghost is moderately damaged.
Olddryhag's ghost barely misses you. Olddryhag's ghost misses you.
You hit olddryhag's ghost but do no damage.
Olddryhag's ghost is moderately damaged.
Olddryhag's ghost whispers, "The ORB doesn't exist."
Olddryhag's ghost hits you.
You are too injured to fight recklessly!
You are too injured to fight recklessly!
You are too injured to fight recklessly!
You are too injured to fight recklessly!
You are too injured to fight recklessly!
You are too injured to fight recklessly!
You slash olddryhag's ghost!
Olddryhag's ghost is heavily damaged.
Olddryhag's ghost says, "I'll split you in two!"
Olddryhag's ghost hits you!
You closely miss olddryhag's ghost.
You punch olddryhag's ghost, but do no damage.
Olddryhag's ghost is heavily damaged.
Olddryhag's ghost hits you.
* * * LOW HITPOINT WARNING * * *
You completely miss olddryhag's ghost.
Olddryhag's ghost is heavily damaged.
Olddryhag's ghost hits you!
* * * LOW HITPOINT WARNING * * *
You closely miss olddryhag's ghost.
Olddryhag's ghost is heavily damaged.
Olddryhag's ghost hits you.
* * * LOW HITPOINT WARNING * * *
It was a potion of mutation.
You feel extremely strange.
Your vision sharpens.
You feel clever. Olddryhag's ghost hits you!
You die...

#.....# ##...## ##.#......#
####.### ##.....## #.##......#
#.....#####.......###.#####...#
#.#...##......................#
#..............................
#.....#.#.......###..###.....##
#.....#....###.##.####.##....#
#.....##...#.###..∩##.#.#....#
#.#.#.###..#$#@.###....$#....#
#.#.#.# #..##W.## #..)#.##...#
#.....###...#..###.###...##..#
###.#.......##:.#.##.#..###..#
#.####.....##.W.#©.##©##...##
#.# ##.....#.).##..###....#.
#.# #.....#.##.#........... #.#
#...###(##.##.........#
#.#####...# .#.©. #####.....#


You could see olddryhag's ghost.

Vanquished Creatures
  2 small abominations (D:3)
  A kobold brigand (Sewer)
  A quasit (D:3)
  An orc priest (D:2)
  A hound (D:3)
  Jessica (D:3)
  A gnoll (D:3)
  3 river rats (Sewer)
  7 adders
  A shadow imp (D:3)
  2 worms
  2 dart slugs
  7 orcs
  3 endoplasms
  2 giant cockroaches (D:2)
  6 hobgoblins
  15 jackals
  2 quokkas
  7 ball pythons
  7 bats
  7 frilled lizards
  5 kobolds
  6 rats
90 creatures vanquished.

Vanquished Creatures (others)
  A plant (Sewer)
1 creature vanquished.

Grand Total: 91 creatures vanquished

Notes
Turn   | Place    | Note
-------+----------+-------------------------------------------
     0 | D:1      | Chaicat the Gnoll Reaver began the quest for the Orb.
     0 | D:1      | Reached XP level 1. HP: 20/20 MP: 6/6
   220 | D:1      | Reached XP level 2. HP: 22/26 MP: 7/7
   863 | D:2      | Reached skill level 1 in Short Blades
   863 | D:2      | Reached skill level 1 in Axes
   863 | D:2      | Reached skill level 1 in Maces & Flails
   863 | D:2      | Reached skill level 1 in Polearms
   863 | D:2      | Reached skill level 1 in Staves
   863 | D:2      | Reached skill level 1 in Ranged Weapons
   863 | D:2      | Reached skill level 1 in Throwing
   863 | D:2      | Reached skill level 1 in Armour
   863 | D:2      | Reached skill level 1 in Stealth
   863 | D:2      | Reached skill level 1 in Shields
   863 | D:2      | Reached skill level 1 in Unarmed Combat
   863 | D:2      | Reached skill level 5 in Spellcasting
   863 | D:2      | Reached skill level 1 in Invocations
   863 | D:2      | Reached skill level 1 in Evocations
   863 | D:2      | Reached XP level 3. HP: 16/31 MP: 7/9
   953 | D:2      | Reached XP level 4. HP: 37/38 MP: 11/11
   959 | D:2      | Upgraded the game from 0.30-a0-696-g2367cd04db to
                  | 0.30-a0-737-gf23d94013f
  1518 | D:3      | Reached skill level 1 in Hexes
  1518 | D:3      | Reached skill level 1 in Summonings
  1518 | D:3      | Reached skill level 1 in Necromancy
  1518 | D:3      | Reached skill level 1 in Translocations
  1518 | D:3      | Reached skill level 1 in Transmutations
  1518 | D:3      | Reached skill level 1 in Fire Magic
  1518 | D:3      | Reached skill level 1 in Ice Magic
  1518 | D:3      | Reached skill level 1 in Air Magic
  1518 | D:3      | Reached skill level 1 in Earth Magic
  1518 | D:3      | Reached skill level 1 in Poison Magic
  1643 | D:3      | Reached XP level 5. HP: 42/43 MP: 12/12
  1820 | D:3      | Noticed Jessica
  1837 | D:3      | Killed Jessica
  1940 | D:3      | Found a one-way gate to the infinite horrors of the Abyss.
  1940 | D:3      | Noticed olddryhag's ghost (weakling DsGl)
  1974 | D:3      | Noticed a small abomination
  1977 | D:3      | Found a transporter.
  2029 | D:3      | Found a shimmering blue altar of Sif Muna.
  2045 | D:3      | Found a glowing drain.
  2058 | Sewer    | Entered a sewer
  2431 | Sewer    | Reached XP level 6. HP: 50/50 MP: 13/13
  2661 | Sewer    | Reached skill level 5 in Fighting
  2661 | Sewer    | Reached skill level 5 in Dodging
  3106 | D:3      | Noticed a small abomination
  3120 | D:3      | Found a transporter.
  3634 | D:3      | Killed a small abomination
  3635 | D:3      | Reached skill level 7 in Long Blades
  3635 | D:3      | Reached XP level 7. HP: 53/56 MP: 15/15
  3638 | D:3      | Killed a small abomination
  3721 | D:3      | HP: 2/56 [olddryhag's ghost (5)]
  3722 | D:3      | Gained mutation: You have supernaturally acute eyesight.
                  | (SInv) [potion of mutation]
  3722 | D:3      | Gained mutation: Your mind is acute. (Int +4, Str/Dex -1)
                  | [potion of mutation]
  3722 | D:3      | Mangled by olddryhag's ghost

Illustrated notes

Levels and vault maps discovered:
D:1:      dpeg_arrival_tiny_e, layout_basic
D:2:      layout_rooms
D:3:      layout_loops_corners, nicolae_sif_muna_condensation,
          gammafunk_ghost_abyssal_escape, cheibrodos_sewer_entry_sluice,
          minmay_door_square, kennysheep_jessica_study, uniq_jessica

Skill      XL: |  1  2  3  4  5  6  7 |
---------------+----------------------+-----
Short Blades   | 1 2 |  2.6
Axes           | 1 2 |  2.6
Maces & Flails | 1 2 |  2.6
Polearms       | 1 2 |  2.6
Staves         | 1 2 |  2.6
Ranged Weapons | 1 2 |  2.6
Throwing       | 1 2 |  2.6
Armour         | 1 2 |  2.6
Stealth        | 1 2 |  2.6
Shields        | 1 2 |  2.6
Unarmed Combat | 1 2 |  2.6
Spellcasting   | 5 |  5.7
Invocations    | 1 2 3 |  3.0
Evocations     | 1 2 |  2.6
Hexes          | 1 2 |  2.1
Summonings     | 1 2 |  2.1
Necromancy     | 1 2 |  2.1
Translocations | 1 2 |  2.1
Transmutations | 1 2 |  2.1
Fire Magic     | 1 2 |  2.1
Ice Magic      | 1 2 |  2.1
Air Magic      | 1 2 |  2.1
Earth Magic    | 1 2 |  2.1
Poison Magic   | 1 2 |  2.1
Fighting       | 5 |  5.3
Dodging        | 5 |  5.3
Long Blades    | 7 |  7.1
Conjurations   | |  5.9

Action                     |  1- 3 |  4- 6 |  7- 9 || total
---------------------------+-------+-------+-------++-------
  Melee: Falchion          |    45 |       |       ||    45
         Bite              |     9 |    25 |       ||    34
         Punch             |     4 |     6 |     1 ||    11
         Long sword        |    30 |   274 |    29 ||   333
    Use: Scroll            |     3 |     7 |       ||    10
         Potion            |       |     1 |     1 ||     2
   Stab: Distracted        |       |       |     1 ||     1
 Armour: Leather armour    |    43 |    93 |       ||   136
         Ring mail         |       |    12 |    38 ||    50
  Dodge: Dodged            |    73 |   253 |    39 ||   365

Table legend: (Time is in decaauts)
 A = Elapsed time spent in this place.
 B = Non-inter-level travel time spent in this place.
 C = Inter-level travel time spent in this place.
 D = Time resting spent in this place.
 E = Time spent auto-exploring this place.
 F = Levels seen in this place.
 G = Mean time per level.
                   A        B        C        D        E       F      G
               +--------+--------+--------+--------+--------+-----+--------+
         Total |   3872 |   3672 |    200 |    474 |   2146 |   4 |  968.0 |
       Dungeon |   2805 |   2605 |    200 |    183 |   1609 |   3 |  935.0 |
         Sewer |   1066 |   1066 |      0 |    291 |    537 |   1 | 1066.0 |
               +--------+--------+--------+--------+--------+-----+--------+

Top non-repeatable levels by time:
     D:3: 1355 daAuts
   Sewer: 1066 daAuts
     D:1: 919 daAuts
     D:2: 530 daAuts
